 Dungeon Crawl Stone Soup version 0.31-a0-879-g1609e0ac53 (webtiles) character file.

Game seed: 17807422461457319533

18601730 disskorpion the Conqueror (level 27, 174/174 HPs)
             Began as a Vine Stalker Gladiator on Oct 12, 2023.
             Was an Initiate of Gozag.
             Escaped with the Orb
             ... and 15 runes on Oct 14, 2023!
             The game lasted 05:47:37 (82493 turns).

disskorpion the Conqueror (Vine Stalker Gladiator) Turns: 82493, Time: 05:47:38

Health: 174/174    AC: 53    Str: 24      XL:     27
Magic:  26/26      EV: 26    Int:  9 (11) God:    Gozag
Gold:   2309       SH: 33    Dex: 25 (26) Spells: 26/26 levels left

rFire   + + +        R - +11 Singing Sword {sonic wave}
rCold   + + +        X - +1 tower shield {rC+}
rNeg    + + +        Y - +10 storm dragon scales
rPois   ∞            n - +2 helmet {SInv}
rElec   +            F - scarf {rC+ rF+}
rCorr   +            p - +1 pair of gloves of the Spheres {rF+}
SInv    +            Q - +3 pair of seven-league boots {Rampage+∞}
Will    ++++.        c - amulet of the Grinning Gods {Reflect rF+ Str+3 SH+5} Stlth
                     s - ring "Oliri" {rC+ rN+ rCorr Int+3}
HPRegen 1.29/turn    w - ring of the Tortoise {AC+8}
MPRegen 0.20/turn

%: reflection, guardian spirit, rampage+∞
@: death-form, studying 2 skills
A: vile attack, torment immunity, no potions, fangs 3, regeneration 1, magic
shield, antimagic bite, no potion heal 2, iridescent scales 1, high MP 1
0: Orb of Zot
}: 15/15 runes: decaying, slimy, silver, golden, iron, obsidian, icy, bone,
abyssal, demonic, glowing, magical, fiery, dark, gossamer
a: Siphon Essence, Begin Untransformation, Renounce Religion, Potion Petition,
Call Merchant, Bribe Branch


You escaped.
You worshipped Gozag.
Gozag was most pleased with you.
You were an undying horror.
You visited 18 branches of the dungeon, and saw 87 of its levels.
You visited Pandemonium 1 time, and saw 16 of its levels.
You visited the Abyss 3 times.
You visited 1 bazaar.
You also visited: Sewer, Gauntlet and Wizlab.

You collected 52632 gold pieces.
You spent 7833 gold pieces at shops.
You paid 42490 gold pieces to Gozag.

Inventory:

Hand Weapons
 y - the +11 double sword "Newtbane" {flame, rF- MP+9 Str+4 Int+3}
   (You acquired it on level 13 of the Dungeon)

   Str+4:     It affects your strength (+4).
   Int+3:     It affects your intelligence (+3).
   rF-:       It makes you vulnerable to fire.
   MP+9:      It affects your magic capacity (+9).
 R - the +11 Singing Sword (weapon) {sonic wave}
   (You acquired it on level 1 of the Tomb of the Ancients)
Missiles
 e - 30 javelins
 f - a throwing net
 i - 22 boomerangs (quivered)
 q - 10 silver javelins
Armour
 n - a +2 helmet of see invisible (worn)
 p - the +1 pair of gloves of the Spheres (worn) {rF+}
   (You took it off Nikola on level 1 of the Vaults)

   rF+:       It protects you from fire.
 F - a scarf of resistance (worn)
 L - the +3 Mad Mage's Maulers {Infuse+∞ VampMP -Cast}
   (You found it on level 7 of Gehenna)

   Infuse+∞: It empowers its wearer's blows with all of their magic.
   VampMP:    Blows struck in melee replenish the wearer's magic.
   -Cast:     It prevents spellcasting.
 Q - the +3 pair of seven-league boots (worn) {Rampage+∞}
   (You found it on level 4 of the Vaults)

   Rampage+∞: When moving toward enemies, its wearer moves as far as possible,
   alerting their target en route.
 X - a +1 tower shield of cold resistance (worn)
 Y - +10 storm dragon scales (worn)
Jewellery
 c - the amulet of the Grinning Gods (around neck) {Reflect rF+ Str+3 SH+5}
   (You bought it in a shop on level 15 of the Dungeon)

   [amulet of reflection]

   Reflect:   It reflects blocked missile attacks.
   Str+3:     It affects your strength (+3).
   rF+:       It protects you from fire.
   SH+5:      It affects your SH (+5).
 j - the ring "Kuah Mia" {Wiz rElec rC+ Will-}
   (You found it on level 5 of the Pits of Slime)

   [ring of wizardry]

   Wiz:       It improves your spell success rate.
   rC+:       It protects you from cold.
   rElec:     It insulates you from electricity.
   Will-:     It decreases your willpower.
 m - the ring "Hieqyghe" {Will+ Dex+6}
   (You found it on level 3 of the Depths)

   [ring of dexterity]

   Dex+6:     It affects your dexterity (+6).
   Will+:     It increases your willpower.
 s - the ring "Oliri" (left hand) {rC+ rN+ rCorr Int+3}
   (You found it on level 2 of the Swamp)

   [ring of positive energy]

   Int+3:     It affects your intelligence (+3).
   rC+:       It protects you from cold.
   rN+:       It protects you from negative energy.
   rCorr:     It protects you from acid and corrosion.
 w - the ring of the Tortoise (right hand) {AC+8}
   (You found it in a Gauntlet)

   [ring of protection]

   AC+8:      It affects your AC (+8).
 x - the ring of Noelytee {rPois rF+}
   (You found it in Pandemonium)

   [ring of poison resistance]

   rF+:       It protects you from fire.
   rPois:     It protects you from poison
 A - a ring of flight
 G - the ring "Riesur Pylopn" {rC++ Slay+4 Stlth+}
   (You found it on level 3 of the Tomb of the Ancients)

   [ring of slaying]

   Slay+4:    It affects your accuracy & damage with ranged weapons and melee
   (+4).
   rC++:      It greatly protects you from cold.
   Stlth+:    It makes you more stealthy.
 N - the ring of Gupouqo {rC++ rCorr Dex+2 Stlth-}
   (You took it off a balrug in Pandemonium)

   [ring of resist corrosion]

   Dex+2:     It affects your dexterity (+2).
   rC++:      It greatly protects you from cold.
   rCorr:     It protects you from acid and corrosion.
   Stlth-:    It makes you less stealthy.
 Z - the ring "Gelesch" {Will+ rCorr Dex+5}
   (You bought it in a shop on level 2 of the Orcish Mines)

   [ring of resist corrosion]

   Dex+5:     It affects your dexterity (+5).
   Will+:     It increases your willpower.
   rCorr:     It protects you from acid and corrosion.
Talismans
 v - a talisman of death (active)
Wands
 a - a wand of mindburst (101)
 t - a wand of flame (164)
 u - a wand of digging (43)
 B - a wand of polymorph (16)
 D - a wand of charming (78)
 H - a wand of acid (62)
 J - a wand of iceblast (94)
Scrolls
 h - 11 scrolls of immolation
 C - a scroll of revelation
 P - 2 scrolls of torment
 S - 11 scrolls of fog
 T - 6 scrolls of fear
 U - 11 scrolls of teleportation
 V - 3 scrolls of silence
 W - 5 scrolls of blinking
Potions
 d - 16 potions of haste
 g - 40 potions of curing
 l - a potion of enlightenment
 o - 5 potions of mutation
 r - 4 potions of cancellation
 z - 9 potions of ambrosia
 E - 5 potions of invisibility
 I - 9 potions of might
 K - 6 potions of resistance
Miscellaneous
 b - a lightning rod (4/4)
 k - the horn of Geryon
 M - a box of beasts
 O - a tin of tremorstones (2/2)


   Skills:
 O Level 27 Fighting
 - Level 16.0 Long Blades
 - Level 16.0 Throwing
 + Level 24.6 Armour
 + Level 22.6 Dodging
 + Level 25.1 Shields
 - Level 10.0 Evocations
 - Level 23.0 Shapeshifting


You had 26 spell levels left.
You didn't know any spells.
Your spell library contained the following spells:

 Spells                   Type           Power      Damage    Failure   Level
 Apportation              Tloc           0%         N/A       77%         1
 Foxfire                  Conj/Fire      0%         2x1d4     77%         1
 Freeze                   Ice            0%         1d3       77%         1
 Magic Dart               Conj           0%         1d3       77%         1
 Necrotise                Necr           0%         1d4       77%         1
 Shock                    Conj/Air       0%         1d3       77%         1
 Slow                     Hex            0%         N/A       77%         1
 Sting                    Tmut/Pois      0%         1d3       77%         1
 Summon Small Mammal      Summ           0%         N/A       77%         1
 Blink                    Tloc           0%         N/A       88%         2
 Call Imp                 Summ           0%         N/A       88%         2
 Cigotuvi's Dreadful Rot  Necr/Pois/Air  0%         N/A       88%         2
 Ensorcelled Hibernation  Hex/Ice        0%         N/A       88%         2
 Jinxbite                 Hex            0%         N/A       88%         2
 Lesser Beckoning         Tloc           0%         N/A       88%         2
 Momentum Strike          Conj/Tloc      0%         3d8       88%         2
 Poisonous Vapours        Pois/Air       0%         N/A       88%         2
 Scorch                   Fire           0%         2d5       88%         2
 Searing Ray              Conj           0%         2d4       88%         2
 Sublimation of Blood     Necr           0%         N/A       88%         2
 Wereblood                Tmut           0%         N/A       88%         2
 Call Canine Familiar     Summ           0%         N/A       98%         3
 Confusing Touch          Hex            0%         N/A       98%         3
 Dazzling Flash           Conj/Hex       0%         N/A       98%         3
 Frozen Ramparts          Ice            0%         1d1       98%         3
 Gell's Gravitas          Tloc           0%         N/A       98%         3
 Hailstorm                Conj/Ice       0%         3d3       98%         3
 Ignite Poison            Fire/Tmut/Pois 0%         N/A       98%         3
 Inner Flame              Hex/Fire       0%         N/A       98%         3
 Mephitic Cloud           Conj/Pois/Air  0%         N/A       98%         3
 Ozocubu's Armour         Ice            0%         N/A       98%         3
 Sigil of Binding         Hex            0%         N/A       98%         3
 Stone Arrow              Conj/Erth      0%         3d7       98%         3
 Summon Guardian Golem    Hex/Summ       0%         N/A       98%         3
 Swiftness                Air            0%         N/A       98%         3
 Teleport Other           Tloc           0%         N/A       98%         3
 Tukima's Dance           Hex            0%         N/A       98%         3
 Vampiric Draining        Necr           0%         2d6       98%         3
 Volatile Blastmotes      Fire/Tloc      0%         2d10      98%         3
 Airstrike                Air            0%         2d(0-16)  100%        4
 Anguish                  Hex/Necr       0%         N/A       100%        4
 Animate Armour           Summ/Erth      0%         N/A       100%        4
 Cause Fear               Hex            0%         N/A       100%        4
 Dimensional Bullseye     Hex/Tloc       0%         N/A       100%        4
 Dispel Undead            Necr           0%         3d6       100%        4
 Flame Wave               Conj/Fire      0%         2d4       100%        4
 Fulminant Prism          Conj/Hex       0%         3d5       100%        4
 Iskenderun's Mystic Bla  Conj/Tloc      0%         2d3       100%        4
 Leda's Liquefaction      Hex/Erth       0%         N/A       100%        4
 Manifold Assault         Tloc           0%         N/A       100%        4
 Olgreb's Toxic Radiance  Pois           0%         N/A       100%        4
 Passage of Golubria      Tloc           0%         N/A       100%        4
 Petrify                  Tmut/Erth      0%         N/A       100%        4
 Sticky Flame             Conj/Fire      0%         2d3       100%        4
 Summon Ice Beast         Ice/Summ       0%         N/A       100%        4
 Summon Lightning Spire   Summ/Air       0%         N/A       100%        4
 Vhi's Electric Charge    Tloc/Air       0%         N/A       100%        4
 Agony                    Necr           0%         N/A       100%        5
 Alistair's Intoxication  Tmut/Pois      0%         N/A       100%        5
 Arcjolt                  Conj/Air       0%         1d10      100%        5
 Borgnjor's Vile Clutch   Necr/Erth      0%         N/A       100%        5
 Fireball                 Conj/Fire      0%         3d3       100%        5
 Freezing Cloud           Conj/Ice/Air   0%         6-21      100%        5
 Iskenderun's Battlesphe  Conj           0%         2d6       100%        5
 Lee's Rapid Deconstruct  Erth           0%         3d4*      100%        5
 Metabolic Englaciation   Hex/Ice        0%         N/A       100%        5
 Silence                  Hex/Air        0%         N/A       100%        5
 Summon Forest            Summ/Tloc      0%         N/A       100%        5
 Summon Mana Viper        Hex/Summ       0%         N/A       100%        5
 Yara's Violent Unravell  Hex/Tmut       0%         3d3       100%        5
 Bombard                  Conj/Erth      0%         9d1       100%        6
 Death Channel            Necr           0%         N/A       100%        6
 Dispersal                Tloc           0%         N/A       100%        6
 Eringya's Noxious Bog    Tmut/Pois      0%         4d6       100%        6
 Plasma Beam              Fire/Air       0%         2x1d10    100%        6
 Starburst                Conj/Fire      0%         6d3       100%        6
 Summon Cactus Giant      Summ           0%         N/A       100%        6
 Enfeeble                 Hex            0%         N/A       100%        7
 Haunt                    Necr/Summ      0%         N/A       100%        7
 Ozocubu's Refrigeration  Ice            0%         4d7       100%        7
 Spellforged Servitor     Conj/Summ      0%         N/A       100%        7
 Summon Hydra             Summ           0%         N/A       100%        7
 Disjunction              Tloc           0%         N/A       100%        8
 Ignition                 Fire           0%         3d3       100%        8
 Infestation              Necr           0%         N/A       100%        8
 Lehudib's Crystal Spear  Conj/Erth      0%         10d2      100%        8
 Maxwell's Capacitive Co  Air            0%         ∞         100%        8
 Chain Lightning          Conj/Air       0%         N/A       100%        9
 Dragon's Call            Summ           0%         N/A       100%        9
 Fire Storm               Conj/Fire      0%         5d1       100%        9
 Polar Vortex             Ice            0%         N/A       100%        9
 Shatter                  Erth           0%         3d5*      100%        9
 Animate Dead             Necr           Unusable   N/A       N/A         4
 Simulacrum               Ice/Necr       Unusable   N/A       N/A         6

Dungeon Overview and Level Annotations

Branches:
Dungeon (15/15)            Temple (1/1) D:7            Lair (5/5) D:11
  Swamp (4/4) Lair:3       Spider (4/4) Lair:3        Slime (5/5) Lair:5
    Orc (2/2) D:10            Elf (3/3) Orc:2        Vaults (5/5) D:13
  Crypt (3/3) Vaults:3       Tomb (3/3) Crypt:3      Depths (4/4) D:15
   Hell (visited)             Dis (7/7) Hell            Geh (7/7) Hell
    Coc (7/7) Hell            Tar (7/7) Hell            Zot (5/5) Depths:4
  Sewer (visited)          WizLab (visited)         Gauntlet (visited)

Altars:
Ashenzari
Cheibriados
Dithmenos
Elyvilon
Fedhas
Gozag
Hepliaklqana
Kikubaaqudgha
Makhleb
Nemelex Xobeh
Okawaru
Qazlal
Ru
Sif Muna
Trog
Uskayaw
Vehumet
Wu Jian
Xom
Yredelemnul
Zin
The Shining One
Jiyva

Shops:
D:1 *((=   D:14 [:!?[   D:15 [=(   Orc:2 =!(==*:(   Elf:1 [   Elf:2 [
Lair:1 *[   Vaults:3 (   Vaults:4 :   Depths:1 *

Portals:
Hell: Depths:1 Depths:2 Depths:3 Depths:4
Abyss: Depths:2 Depths:3 Depths:4
Pandemonium: Depths:2
Ziggurat: Depths:2
Trove: Vaults:2 (give +4 storm dragon scales)

Annotations:
D:9 1 transporter
Elf:2 3 runed translucent doors
Elf:3 exclusion: 2 obsidian statues
Depths:1 exclusions: hell hog and orange crystal statue


Innate Abilities, Weirdness & Mutations

You are an undying horror.
Your melee and unarmed attacks drain, slow and weaken victims.
You are immune to unholy pain and torment.
You cannot drink.
You are immune to poison.
You have razor-sharp teeth.
Your natural rate of healing is unusually fast.
When hurt, damage is shared between your health and your magic reserves.
Your bite disrupts and absorbs the magic of your enemies.
Potions cannot restore your health.
You are partially covered in iridescent scales. (AC +2)
You have an increased reservoir of magic. (+10% MP)


Message History

The plant is lightly damaged.
The plant begins to die.
The plant is lightly damaged.
You bite the Executioner, but do no damage.
The Executioner is moderately wounded.
You block the Executioner's attack. x2; The Executioner completely misses you. x2
The Executioner hits you but does no damage.
The Executioner completely misses you.
You slice the Executioner!!
The Executioner decays.
You bite the Executioner.
The Executioner's magic leaks into the air.
You drain its magic.
The Executioner is severely wounded.
You block the Executioner's attack. x2; The Executioner closely misses you.
You slice the Executioner!!
You kill the Executioner!
A nearby plant withers and dies.
You now have 7347 gold pieces (gained 18).
A nearby plant withers and dies. x18
A nearby plant withers and dies. x3
There is an entrance to Xasaoh's Assorted Antiques here. [a] 1475 gold - Asuc's General Store [b] 1375 gold - Aguahail's Weapon Boutique [c] 1122 gold - Onischove's Magic Scroll Boutique Fund which merchant?
Aguahail invites you to visit his Weapon Boutique. [a] 2142 gold - Xiumat's Magic Scroll Shop [b] 1190 gold - Beymnok's Distillery [c] 1809 gold - Xuiddet's Antique Weapon Boutique Fund which merchant?
Xuiddet invites you to visit their Antique Weapon Boutique. [a] 2016 gold - Hanimez's General Store [b] 1593 gold - Himn's Distillery [c] 1854 gold - Nas Qum's Jewellery Emporium Fund which merchant?
You no longer have enough gold to fund merchants seeking to open stores in the dungeon.
You no longer have enough gold to bribe branches to halt enemies' attacks and recruit allies.
Nas Qum invites you to visit their Jewellery Emporium.
Okay, then.
There is a staircase leading out of the dungeon here.
You have escaped!

#...###...................
########.......................#.
#......'.....................P...
######.#......#..................
#.#......#..............P...
#.#......#..................
#.##+#...#..............P...
#........#.∩∩...............
#........#.z∩...............
##....####..∩...............
#....# #.........P.PP.P... #....#
#..........PP.PP##.
#....####.........PPP.PP###
#......##.........P..PPP#..
#......##..........PPPPP#..


####...##PPPPPPPPPPPPPPP#.. #...##PPPPPPPPPPPPPPP### There were no monsters in
sight!

Vanquished Creatures
  Cerebov (Pan)
  Antaeus (Coc:7)
  Dissolution (Slime:5)
  Asmodeus (Geh:7)
  Gloorx Vloq (Pan)
  the Royal Jelly (Slime:5)
  Ereshkigal (Tar:7)
  Mnoleg (Pan)
  3 dread liches
  2 orbs of fire (Zot:5)
  Dispater (Dis:7)
  3 ancient liches
  A juggernaut (Dis:7)
  Mara (Depths:3)
  The ghost of Zyku Vof the Eclecticist, a veteran MfIE of Vehumet (Depths:3)
  34 royal mummies
  the Lernaean hydra (Swamp:4)
  9 Killer Klowns (Zot:5)
  4 shard shrikes
  3 pandemonium lords
  3 curse toes (Zot:5)
  20 caustic shrikes
  Nikola (Vaults:1)
  Geryon (Hell)
  10 golden dragons
  11 profane servitors
  11 Tzitzimimeh
  6 doom hounds
  9 bone dragons
  12 Brimstone Fiends
  22 hellephants
  Arachne (Spider:4)
  3 iron giants
  17 tentacled monstrosities
  3 electric golems
  9 tainted leviathans
  A spectral shard shrike (Tar:3)
  23 Ice Fiends
  Zenata (Vaults:4)
  12 liches
  Rupert (D:12)
  26 Orb Guardians
  A shard shrike skeleton (Geh:6)
  A walking earthen tome (Depths:2)
  21 Hell Sentinels
  7 quicksilver dragons
  A deep elf blademaster (Elf:3)
  2 deep elf master archers (Elf:3)
  2 walking divine tomes
  Asterion (Spider:1)
  18 searing wretches
  16 titans
  Murray (Hell)
  41 ancient champions
  24 acid blobs
  23 Executioners
  4 tentacled starspawn (Abyss:3)
  9 tengu reavers
  15 sphinxes
  12 death cobs
  Gastronok (Lair:1)
  Kirke (D:14)
  6 draconian monks
  21 storm dragons
  3 fenstrider witches
  18 shadow dragons
  8 revenants
  25 azure jellies
  6 quicksilver elementals
  15 rockslimes
  3 draconian knights
  33 narguns
  A daeva (D:12)
  22 fire giants
  8 iron dragons
  4 emperor scorpions (Spider:4)
  9 draconian scorchers
  19 vault wardens
  The ghost of Foxy the Peltast, an adept GrFi of the Shining One (Swamp:2)
  5 ghost moths
  24 frost giants
  3 demonspawn warmongers (Pan)
  4 caustic shrike zombies
  42 balrugs
  8 deep elf sorcerers
  A spectral caustic shrike (Tar:7)
  6 shard shrike simulacra
  7 cacodemons
  5 draconian stormcallers
  4 curse skulls
  5 demonspawn corrupters (Pan)
  9 deep elf elementalists (Elf:3)
  3 spectral juggernauts
  25 very ugly things
  20 ironbound preservers
  An angel (Pan)
  11 stone giants
  4 draconian shifters
  4 formless jellyfish
  2 juggernaut skeletons
  27 war gargoyles
  4 demonspawn blood saints (Pan)
  2 orc warlords
  10 vampire knights
  8 ironbound thunderhulks
  6 green draconians
  2 broodmothers
  8 draconian annihilators
  5 deep elf demonologists (Elf:3)
  15 quicksilver oozes
  10 reapers
  10 ghouls
  14 white draconians
  2 spectral titans (WizLab)
  12 putrid mouths
  A minotaur (Gauntlet)
  3 lorocyprocas
  12 bennus
  12 purple draconians
  14 elemental wellsprings
  11 yellow draconians
  2 deep elf annihilators (Elf:3)
  16 iron golems
  5 bunyips
  9 spark wasps
  16 black draconians
  4 dire elephants
  5 halazid warlocks (WizLab)
  4 eleionomae
  19 wendigos
  15 red draconians
  3 demonspawn black suns (Pan)
  8 eidola
  12 ettins
  Snorg (Orc:2)
  11 starcursed masses (Abyss:3)
  2 ettins (shapeshifter)
  8 green deaths (Pan)
  A spectral elf (Tar:1)
  2 crystal guardians
  Josephine (D:10)
  4 spectral quicksilver dragons
  21 mummy priests
  11 jiangshi
  11 deep elf death magi
  10 blizzard demons
  15 yaktaur captains
  4 entropy weavers
  7 fire dragons
  2 spectral spriggans
  7 deep elf high priests (Elf:3)
  4 spriggan zombies
  8 rakshasas
  27 vault guards
  13 great orbs of eyes
  5 juggernaut simulacra
  12 ice dragons
  17 hydras
  A quicksilver dragon skeleton (Pan)
  Erolcha (Orc:2)
  6 caustic shrike simulacra
  5 salamander tyrants
  4 peacekeepers
  4 radroaches
  8 alligators
  3 hell beasts
  A sphinx zombie (Depths:2)
  5 jorogumos (Spider:2)
  8 ogre magi
  5 spriggan air magi
  11 centaur warriors
  3 ghost crabs (Swamp:2)
  5 ironbound frosthearts
  A fenstrider witch zombie (Crypt:2)
  5 stokers
  3 death knights
  9 boulder beetles
  5 spriggan skeletons
  46 dancing weapons
  30 hell hogs
  Erica (D:11)
  29 two-headed ogres
  4 deep troll shamans
  3 titan zombies
  3 death yaks (Lair:4)
  8 tengu warriors
  70 death scarabs
  Urug (Lair:5)
  3 thrashing horrors (Abyss:3)
  3 spectral nagas
  6 vampire magi
  5 deep troll earth magi
  66 sun demons
  10 demonic crawlers
  4 spriggan berserkers
  A shock serpent (shapeshifter) (Depths:2)
  12 deep elf knights
  13 hell knights
  An orc high priest (Orc:1)
  16 soul eaters
  2 titan skeletons
  47 skeletal warriors
  5 crystal echidnas
  8 pharaoh ants
  6 goliath frogs
  2 wretched stars (Abyss:3)
  22 shadow wraiths
  62 deep trolls
  A fire crab (D:11)
  12 sixfirhies
  A cherub (Pan)
  A storm dragon skeleton (Depths:2)
  A golden dragon zombie (Tomb:3)
  3 salamander mystics
  A skyshark (Spider:2)
  2 bunyip zombies
  3 iron trolls
  6 quicksilver dragon simulacra
  6 flayed ghosts
  2 glowing orange brains
  3 shadow demons (Pan)
  3 spriggan druids
  3 spriggan simulacra
  2 sun moths (Spider:4)
  12 orb spiders
  2 spectral spark wasps (WizLab)
  13 ironbound convokers
  6 bog bodies
  Pikel (D:8)
  A spectral wolf spider (WizLab)
  13 deep elf archers
  An obsidian statue (Depths:3)
  8 swamp dragons
  16 phantasmal warriors
  13 wizards
  2 fenstrider witch simulacra
  A bunyip skeleton (Hell)
  A shadow dragon zombie (Vaults:4)
  An anaconda skeleton (Hell)
  2 lindwurms
  A spectral hydra (Swamp:2)
  8 steelbarb worms
  16 deep elf zephyrmancers
  2 wolf spider zombies (WizLab)
  An orc sorcerer (Elf:2)
  An alligator zombie (Hell)
  2 frost giant zombies
  A wolf spider (shapeshifter) (Vaults:4)
  15 necromancers
  21 deep elf pyromancers
  26 wolf spiders
  2 tengu skeletons (Vaults:4)
  2 iron dragon zombies
  A stone giant zombie (Tomb:1)
  2 alligator skeletons (Hell)
  2 spectral ettins (Tar:3)
  8 shining eyes
  13 orc knights
  40 ugly things
  4 will-o-the-wisps
  7 salamanders
  2 centaur zombies
  6 cyclopes
  3 manticores
  13 elephants
  7 fire giant skeletons
  Maurice (D:11)
  A guardian serpent (Lair:5)
  A frost giant skeleton (Depths:2)
  22 moths of wrath
  Joseph (D:7)
  2 human skeletons
  7 black mambas
  A shining eye (shapeshifter) (Vaults:5)
  4 rust devils
  A stone giant skeleton (Vaults:3)
  7 ice statues
  2 human zombies
  10 smoke demons
  A black mamba (shapeshifter) (D:12)
  6 titan simulacra
  An alligator snapping turtle zombie (Tomb:2)
  2 centaur skeletons
  25 orange demons
  A dire elephant zombie (Crypt:3)
  A water nymph (shapeshifter) (Vaults:5)
  4 gargoyles (Crypt:3)
  6 unseen horrors
  3 eyes of devastation
  20 vault sentinels
  21 hellions
  6 torpor snails
  A cane toad (shapeshifter) (Elf:2)
  A storm dragon simulacrum (Coc:1)
  Maggie (D:8)
  A rime drake (Lair:2)
  18 cane toads
  25 freezing wraiths
  An alligator snapping turtle skeleton (Tomb:3)
  19 tormentors
  48 yaktaurs
  A kobold demonologist (D:14)
  6 efreet (Pan)
  50 guardian mummies
  7 anaconda simulacra
  2 ancient zymes (Abyss:3)
  A golden dragon simulacrum (Coc:7)
  4 komodo dragons
  A komodo dragon (shapeshifter) (Vaults:4)
  2 bunyip simulacra
  6 ice devils
  7 tengu conjurers
  10 trolls
  3 iron giant simulacra
  A purple draconian skeleton (Crypt:1)
  A sea snake skeleton (Hell)
  4 spectral harpies
  3 bloated husks
  A minotaur skeleton (Crypt:1)
  A queen bee (shapeshifter) (Vaults:4)
  3 meliai (Spider:4)
  A troll (shapeshifter) (D:15)
  3 hydra zombies (Hell)
  2 red devils (Depths:2)
  12 hellwings
  22 tarantellas
  A polar bear (Lair:2)
  9 tyrant leeches
  4 harpy skeletons
  17 hornets
  3 hydra skeletons
  9 raiju
  A tarantella zombie (Crypt:2)
  A tarantella (shapeshifter) (Vaults:4)
  8 blink frogs
  2 ettin zombies
  5 iron dragon simulacra
  43 flying skulls
  9 water elementals
  An air elemental (Elf:2)
  104 slime creatures
  6 stone giant simulacra
  A wyvern (shapeshifter) (D:12)
  27 ynoxinuls
  21 yaks
  13 culicivoras
  8 spriggans
  A black mamba zombie (Crypt:2)
  13 wraiths
  An ettin skeleton (Vaults:3)
  13 fire dragon skeletons
  33 jumping spiders
  A dire elephant simulacrum (Coc:7)
  6 shadows
  5 fire bats
  13 wyverns
  A black mamba skeleton (Hell)
  18 ushabtiu
  2 vampires
  2 fire elementals
  A hog (D:14)
  9 neqoxecs
  10 golden eyes
  2 basilisks
  5 small abominations
  Grum (D:10)
  34 large abominations
  59 redbacks
  9 chaos spawn
  3 wargs
  14 harpy simulacra
  2 vampire mosquitoes (D:13)
  13 swamp worms
  2 glowing shapeshifter zombies
  8 acid dragons
  19 water moccasins
  16 hell hounds
  A glowing shapeshifter skeleton (Depths:2)
  2 floating eyes (Gauntlet)
  A floating eye (shapeshifter) (Vaults:5)
  25 orc warriors
  3 black bears
  13 swamp drakes
  3 ice beasts (D:6)
  2 sky beasts
  A lindwurm zombie (Crypt:1)
  36 ogres
  15 wolves
  5 ettin simulacra
  12 centaurs
  A manticore skeleton (Crypt:2)
  3 kobold brigands
  An elf simulacrum (Vaults:4)
  A lemure (D:8)
  A hog skeleton (Crypt:2)
  5 elf zombies (Elf:1)
  5 necrophages (Crypt:2)
  3 gnoll sergeants
  A wyvern zombie (Crypt:2)
  5 earth elementals
  4 scorpions
  3 naga simulacra
  4 wights (D:9)
  A water moccasin skeleton (Crypt:1)
  6 electric eels
  3 howler monkeys
  A crimson imp (D:5)
  A black bear zombie (Crypt:1)
  A lava snake (D:10)
  A wolf skeleton (Crypt:2)
  3 hounds
  5 jellies
  A sleepcap (D:6)
  A gnoll bouda (D:5)
  20 orc priests
  Jessica (D:2)
  4 iguanas
  Terence (D:3)
  Natasha (thrice) (D:4)
  20 orc wizards
  11 hell rats (Hell)
  An acid dragon zombie (Crypt:1)
  A hound skeleton (Crypt:2)
  55 mummies
  Robin (D:2)
  5 gnolls (D:5)
  13 adders
  A swamp drake skeleton (Crypt:1)
  A shadow imp (D:5)
  6 white imps
  4 ufetubi
  A lava snake skeleton (Crypt:1)
  A worm (D:4)
  4 dart slugs
  91 orcs
  11 bats
  5 endoplasms
  6 giant cockroaches
  11 goblins
  8 hobgoblins
  4 jackals (D:5)
  A jackal (shapeshifter) (D:13)
  24 kobolds
  5 quokkas
  9 ball pythons
  9 frilled lizards
  7 rats
  2 ball lightnings (Pan)
  4 creeping infernos
  14 fire vortices
  2 starspawn tentacles (Abyss:3)
3893 creatures vanquished.

Vanquished Creatures (collateral kills)
  2 death scarabs (Tomb:2)
  A skeletal warrior (Tomb:2)
  A guardian mummy (Tomb:2)
  An orc wizard (Orc:2)
  2 orcs (Orc:2)
7 creatures vanquished.

Vanquished Creatures (others)
  A pandemonium lord (Pan)
  An ancient lich (Depths:3)
  A shard shrike simulacrum (Coc:6)
  A draconian knight (Zot:3)
  A draconian stormcaller (Zot:3)
  3 rakshasas (Pan)
  A caustic shrike simulacrum (Coc:7)
  2 juggernaut simulacra
  A dancing weapon (Dis:7)
  A shadow wraith (Pan)
  A deep elf knight (Elf:1)
  A quicksilver dragon simulacrum (Coc:3)
  A sixfirhy (Pan)
  A shadow demon (Pan)
  A glowing orange brain (Pan)
  4 wizards
  A slime creature (Slime:4)
  A rust devil (D:4)
  2 smoke demons (Pan)
  An unseen horror (D:11)
  An anaconda simulacrum (Coc:7)
  5 bloated husks (Swamp:2)
  A hellwing (Pan)
  A dire elephant simulacrum (Coc:7)
  3 humans (D:14)
  A chaos spawn (Pan)
  A hell hound (Hell)
  A spriggan simulacrum (Swamp:2)
  2 orc warriors (Vaults:5)
  2 hell rats (Hell)
  2 orcs
  12 ball lightnings (Pan)
  4 foxfires (Swamp:1)
  11 starspawn tentacles
74 creatures vanquished.

Grand Total: 3974 creatures vanquished

Notes
Turn   | Place    | Note
-------+----------+-------------------------------------------
     0 | D:1      | disskorpion the Vine Stalker Gladiator began the quest for
                  | the Orb.
     0 | D:1      | Reached XP level 1. HP: 11/11 MP: 2/2
   165 | D:1      | Reached XP level 2. HP: 12/15 MP: 1/3
   856 | D:2      | Reached XP level 3. HP: 18/18 MP: 4/4
  1060 | D:2      | Noticed Robin
  1080 | D:2      | Killed Robin
  1081 | D:2      | Reached XP level 4. HP: 23/23 MP: 5/5
  1091 | D:2      | Noticed Jessica
  1095 | D:2      | Killed Jessica
  1307 | D:2      | Reached skill level 5 in Long Blades
  1372 | D:2      | Reached XP level 5. HP: 26/26 MP: 6/6
  1385 | D:2      | Identified the +1 hand axe of the Disturbing Stories
                  | {flame, rCorr Str-5 SInv Stlth+}
  1551 | D:3      | Noticed Terence
  1558 | D:3      | Killed Terence
  1649 | D:3      | Found Zin's Purification Station.
  1650 | D:3      | Found a glowing silver altar of Zin.
  1656 | D:3      | Bought a potion of curing for 90 gold pieces
  2469 | D:3      | Reached XP level 6. HP: 27/30 MP: 5/7
  2686 | D:4      | Reached skill level 2 in Fighting
  2758 | D:4      | Found a glowing drain.
  2767 | Sewer    | Entered a sewer
  2791 | Sewer    | Noticed a water moccasin
  2800 | Sewer    | Killed a water moccasin
  2801 | Sewer    | Reached skill level 3 in Fighting
  2906 | D:4      | Noticed Natasha
  2911 | D:4      | Killed Natasha
  2912 | D:4      | Reached XP level 7. HP: 31/37 MP: 4/8
  3038 | D:4      | Reached skill level 4 in Fighting
  3078 | D:4      | Noticed Natasha
  3084 | D:4      | Killed Natasha
  3233 | D:4      | Reached skill level 5 in Fighting
  3515 | D:5      | Entered Level 5 of the Dungeon
  3815 | D:5      | Reached skill level 6 in Fighting
  3838 | D:5      | Gained mutation: You have razor-sharp teeth. [Vine Stalker
                  | growth]
  3838 | D:5      | Reached XP level 8. HP: 41/44 MP: 5/9
  4206 | D:5      | Found a sparkling altar of Nemelex Xobeh.
  4601 | D:6      | Reached skill level 7 in Fighting
  4795 | D:6      | Reached skill level 8 in Fighting
  4962 | D:6      | Found a shimmering altar of Xom.
  5217 | D:6      | Reached XP level 9. HP: 52/52 MP: 10/10
  5258 | D:6      | Reached skill level 9 in Fighting
  5578 | D:7      | Found a staircase to the Ecumenical Temple.
  5590 | Temple   | Entered the Ecumenical Temple
  5603 | Temple   | Became a worshipper of Gozag Ym Sagoz the Greedy
  5621 | D:7      | Noticed Joseph
  5631 | D:7      | Killed Joseph
  5632 | D:7      | Reached skill level 10 in Fighting
  5632 | D:7      | Reached skill level 1 in Armour
  5721 | D:7      | Found a sacrificial altar of Ru.
  5803 | D:7      | Found a shadowy altar of Dithmenos.
  6301 | D:8      | Reached XP level 10. HP: 55/59 MP: 11/11
  6361 | D:8      | Noticed Pikel
  6362 | D:8      | Noticed Maggie
  6384 | D:8      | Killed Pikel
  6385 | D:8      | Reached skill level 5 in Dodging
  6403 | D:8      | Killed Maggie
  6604 | D:8      | Reached skill level 5 in Armour
  7807 | D:9      | Found a transporter.
  8039 | D:10     | Entered Level 10 of the Dungeon
  8039 | D:10     | Found an ancient bone altar of Kikubaaqudgha.
  8040 | D:10     | Found a stormy altar of Qazlal.
  8045 | D:10     | Found a burning altar of Makhleb.
  8052 | D:10     | Found a broken altar of Ashenzari.
  8054 | D:10     | Found an iron altar of Okawaru.
  8059 | D:10     | Found a white marble altar of Elyvilon.
  8062 | D:10     | Found a staircase to the Orcish Mines.
  8114 | D:10     | Noticed Grum
  8134 | D:10     | Killed Grum
  8211 | D:10     | Noticed Josephine
  8228 | D:10     | Killed Josephine
  8229 | D:10     | Reached skill level 10 in Armour
  8229 | D:10     | Reached XP level 11. HP: 29/63 MP: 7/12
  8574 | D:10     | Found a bloodstained altar of Trog.
  8754 | D:11     | Noticed a fire crab
  8755 | D:11     | Found a staircase to the Lair.
  8772 | D:11     | Killed a fire crab
  8870 | D:11     | Noticed a two-headed ogre
  8881 | D:11     | Killed a two-headed ogre
  8908 | D:11     | HP: 3/63 [vampire/vampiric draining (10)]
  9010 | D:11     | Noticed a two-headed ogre
  9011 | D:11     | Noticed a cyclops
  9272 | D:11     | Noticed Maurice
  9272 | D:11     | Noticed Erica
  9318 | D:11     | Killed Maurice
  9342 | D:11     | Killed Erica
  9462 | D:11     | Killed a two-headed ogre
  9463 | D:11     | Reached skill level 10 in Long Blades
  9544 | D:11     | Noticed a cyclops
  9566 | D:11     | Killed a cyclops
  9702 | D:11     | Killed a cyclops
  9922 | Lair:1   | Entered Level 1 of the Lair of Beasts
 10018 | Lair:1   | Reached XP level 12. HP: 51/67 MP: 13/13
 10496 | Lair:1   | Noticed Gastronok
 10510 | Lair:1   | Killed Gastronok
 10732 | Lair:2   | Found a gate leading to a gauntlet.
 10738 | Gauntlet | Entered a Gauntlet
 10738 | Gauntlet | Found a transporter.
 10747 | Gauntlet | Found a runed translucent door.
 10751 | Gauntlet | Found a transporter.
 10762 | Gauntlet | Found a transporter.
 10765 | Gauntlet | Found a transporter.
 10773 | Gauntlet | Found a transporter.
 10789 | Gauntlet | Found the ring of the Tortoise {AC+8}
 10794 | Gauntlet | Found a transporter.
 10805 | Gauntlet | Found a transporter.
 10817 | Gauntlet | Found a transporter.
 10836 | Gauntlet | Found a transporter.
 10850 | Gauntlet | Found a transporter.
 10850 | Gauntlet | Found a transporter.
 10860 | Gauntlet | Found a transporter.
 10898 | Gauntlet | Found a transporter.
 10912 | Gauntlet | Found a transporter.
 11171 | Gauntlet | Noticed a minotaur
 11207 | Gauntlet | Killed a minotaur
 11216 | Gauntlet | Identified the staff "Vulleec" {rC+ rCorr Str+5 Int-2 Fire
                  | Ice}
 11216 | Gauntlet | Identified the staff "Kergh" {rElec rN+ Necro}
 11217 | Gauntlet | Got a sparkling book
 11217 | Gauntlet | Got a resplendent book
 11587 | Lair:2   | Identified the +4 ring mail of Parts Unknown {rN+ Int+3}
 11790 | Lair:2   | Found a basalt altar of Yredelemnul.
 12189 | Lair:3   | Found a staircase to the Swamp.
 12362 | Lair:3   | Reached XP level 13. HP: 72/72 MP: 14/14
 12551 | Lair:3   | Reached skill level 11 in Fighting
 12579 | Lair:3   | Found a hole to the Spider Nest.
 13150 | Lair:4   | Reached skill level 12 in Fighting
 13421 | Lair:4   | You fall into a shaft and drop 1 floor!
 13421 | Lair:5   | Entered Level 5 of the Lair of Beasts
 13780 | Lair:5   | Identified the +2 quarterstaff "Bozal" {freeze, rElec}
 13936 | Lair:5   | Reached skill level 13 in Fighting
 14299 | Lair:5   | Noticed Urug
 14354 | Lair:5   | Killed Urug
 14399 | Lair:5   | Reached skill level 14 in Fighting
 14415 | Lair:5   | Reached XP level 14. HP: 84/84 MP: 15/15
 14940 | Lair:5   | Found a runed translucent door.
 14941 | Lair:5   | Found a viscous altar of Jiyva.
 14943 | Lair:5   | Found a staircase to the Slime Pits.
 15164 | Lair:5   | Upgraded the game from 0.31-a0-875-g02e7d12df6 to
                  | 0.31-a0-876-gfe8ebadbca
 15282 | Orc:1    | Entered Level 1 of the Orcish Mines
 15353 | Orc:2    | Entered Level 2 of the Orcish Mines
 15359 | Orc:2    | Noticed Erolcha
 15553 | Orc:2    | Reached skill level 15 in Fighting
 15563 | Orc:2    | Killed Erolcha
 15661 | Orc:2    | Noticed Snorg
 15686 | Orc:2    | Killed Snorg
 15769 | Orc:2    | Found Jodoumip's Antique Weapon Boutique.
 15771 | Orc:2    | Found a staircase to the Elven Halls.
 16464 | Orc:2    | Found Axzaaxzuic's Weapon Boutique.
 16495 | Orc:2    | Reached skill level 1 in Shields
 16505 | Orc:2    | Found Muffo's Book Shoppe.
 16505 | Orc:2    | Found Suthokae's Jewellery Shop.
 16505 | Orc:2    | Found Fanged's Assorted Antiques.
 16505 | Orc:2    | Found Qybrilaf's Jewellery Emporium.
 16633 | Orc:2    | Found Juagh's Distillery.
 16927 | Orc:2    | Found Hoirawik's Jewellery Shoppe.
 17027 | Orc:2    | Reached XP level 15. HP: 83/90 MP: 14/16
 17136 | Orc:2    | Bought a scroll of teleportation for 81 gold pieces
 17455 | Orc:2    | Bought an amulet of reflection for 450 gold pieces
 17455 | Orc:2    | Bought the ring "Gelesch" {Will+ rCorr Dex+5} for 646 gold
                  | pieces
 17656 | D:12     | Reached skill level 5 in Shields
 17716 | D:12     | Noticed Rupert
 18053 | D:12     | Killed Rupert
 18341 | D:13     | Found a blossoming altar of Fedhas.
 18873 | D:13     | Found a gate to the Vaults.
 19189 | D:13     | Identified 2 scrolls of acquirement
 19191 | D:13     | Acquired the +11 double sword "Newtbane" {flame, rF- MP+9
                  | Str+4 Int+3}
 19193 | D:13     | Acquired the +8 orange crystal plate armour {Archmagi,
                  | Int+3 Clar}
 19193 | D:13     | Found the +8 orange crystal plate armour {Archmagi, Int+3
                  | Clar}
 19301 | D:14     | Found Sudeplem's Book Boutique.
 19338 | D:14     | Found Onuataes's Distillery.
 19347 | D:14     | Found Koqon's Armour Shoppe.
 19369 | D:14     | Found Kaip's Antique Armour Emporium.
 19387 | D:14     | Found Eschupha's Magic Scroll Boutique.
 19394 | D:14     | Bought a scroll of immolation for 60 gold pieces
 19597 | D:14     | Noticed Kirke
 19604 | D:14     | Noticed a sphinx
 19609 | D:14     | Killed Kirke
 19651 | D:14     | Reached skill level 10 in Shields
 20274 | D:14     | Reached XP level 16. HP: 95/95 MP: 17/17
 20387 | D:14     | Identified the +1 scimitar of Oozing Pus {flame, rElec
                  | Str+4}
 20387 | D:14     | Identified the ring "Cuenudy" {rC+ SInv}
 20732 | D:15     | Entered Level 15 of the Dungeon
 20754 | D:15     | Reached skill level 15 in Long Blades
 20762 | D:15     | Found a staircase to the Depths.
 21912 | Spider:1 | Entered Level 1 of the Spider Nest
 22576 | Spider:1 | Identified the +2 cloak of Dramatic Exits {Int+2}
 22592 | Spider:1 | Identified the +1 robe of the Okapi {Regen+ Str-3 Stlth+
                  | Archmagi}
 22732 | Spider:1 | Noticed Asterion
 22747 | Spider:1 | Killed Asterion
 23124 | Spider:2 | Reached XP level 17. HP: 99/99 MP: 18/18
 23364 | Spider:2 | Reached skill level 10 in Dodging
 23399 | Spider:2 | Identified the +1 falchion "Maxif" {spect, *Slow +Blink
                  | rF+++}
 23434 | Spider:2 | Reached skill level 5 in Throwing
 24540 | Spider:4 | Entered Level 4 of the Spider Nest
 24973 | Spider:4 | Noticed Arachne
 24980 | Spider:4 | Killed Arachne
 25243 | Spider:4 | Reached skill level 10 in Throwing
 25436 | Spider:4 | Reached XP level 18. HP: 84/104 MP: 19/19
 25518 | Spider:4 | Got a gossamer rune of Zot
 26173 | Lair:1   | Bought a scroll of teleportation for 99 gold pieces
 26173 | Lair:1   | Bought a glowing tourmaline ring for 165 gold pieces
 26178 | Lair:1   | Bought a glowing helmet for 375 gold pieces
 26178 | Lair:1   | Bought a glowing hat for 350 gold pieces
 26251 | Swamp:1  | Entered Level 1 of the Swamp
 26252 | Swamp:1  | Upgraded the game from 0.31-a0-876-gfe8ebadbca to
                  | 0.31-a0-879-g1609e0ac53
 27384 | Swamp:2  | Found a transporter.
 27625 | Swamp:2  | Noticed Foxy's ghost (adept GrFi)
 27626 | Swamp:2  | Found a transporter.
 27779 | Swamp:2  | Killed Foxy's ghost
 27806 | Swamp:2  | Identified the +0 plate armour of the Shishi {Str+5 Slay-6}
 27809 | Swamp:2  | Identified the ring "Oliri" {rC+ rN+ rCorr Int+3}
 27956 | Swamp:3  | Found the +2 hat of the Bear Spirit {Spirit, Bear, *Rage
                  | Will++}
 28418 | Swamp:4  | Entered Level 4 of the Swamp
 28445 | Swamp:4  | Noticed the 27-headed Lernaean hydra
 28660 | Swamp:4  | Killed the 22-headed Lernaean hydra
 28748 | Swamp:4  | Reached XP level 19. HP: 98/108 MP: 20/20
 28753 | Swamp:4  | Got a decaying rune of Zot
 29429 | Orc:2    | Bought a ring of protection from fire for 375 gold pieces
 29585 | Vaults:1 | Entered Level 1 of the Vaults
 29645 | Vaults:1 | Identified the +1 pair of gloves of the Spheres {rF+}
 29645 | Vaults:1 | Noticed Nikola
 29672 | Vaults:1 | Killed Nikola
 30198 | Vaults:1 | Reached skill level 15 in Shields
 31425 | Vaults:2 | Reached skill level 16 in Fighting
 31943 | Vaults:2 | Found a portal to a secret trove of treasure.
 32509 | Vaults:3 | Found a flickering gateway to a bazaar.
 32557 | Bazaar   | Entered a bazaar
 32565 | Bazaar   | Found Ymuhuf's Antique Armour Shop.
 32579 | Bazaar   | Found Haliug's Jewellery Shop.
 32613 | Bazaar   | Bought a warped plate armour for 476 gold pieces
 32613 | Bazaar   | Identified the +6 plate armour of Greed {Drain Regen+
                  | Int+10 Dex-4} (You bought it in a shop in a bazaar)
 32759 | Vaults:3 | Paralysed by a formless jellyfish for 1 turns
 32768 | Vaults:3 | Reached skill level 17 in Fighting
 32898 | Abyss:3  | Cast into level 3 of the Abyss (orc warlord)
 32919 | Vaults:3 | Escaped the Abyss
 32927 | Vaults:3 | Reached XP level 20. HP: 87/117 MP: 21/21
 33193 | Vaults:3 | Found a staircase to the Crypt.
 33193 | Vaults:3 | Found a basalt altar of Yredelemnul.
 33194 | Vaults:3 | Found an ancient bone altar of Kikubaaqudgha.
 33435 | Vaults:3 | Found Quoc's Antique Weapon Shoppe.
 33649 | Vaults:3 | Found Madu Xudgh's Jewellery Boutique.
 33984 | Vaults:3 | Reached skill level 18 in Fighting
 34107 | Vaults:4 | Noticed Zenata
 34128 | Vaults:4 | Killed Zenata
 34566 | Vaults:4 | Reached skill level 19 in Fighting
 34681 | Vaults:4 | Found Kouzasu's Armour Emporium.
 35246 | Vaults:4 | Found Kahih's Book Shoppe.
 35262 | Vaults:4 | Found the +3 pair of seven-league boots {Rampage+∞}
 35299 | Vaults:4 | Bought a manual of Armour for 1040 gold pieces
 35525 | Vaults:4 | Reached XP level 21. HP: 127/127 MP: 22/22
 35543 | Vaults:4 | Reached skill level 20 in Fighting
 36018 | Elf:1    | Entered Level 1 of the Elven Halls
 36188 | Elf:1    | Reached skill level 15 in Armour
 36224 | Elf:1    | Found a magical portal.
 36238 | WizLab   | Entered Borgnjor's Mausoleum
 36363 | WizLab   | Reached skill level 1 in Evocations
 37279 | Elf:1    | Found Syanugor's Armour Shoppe.
 37480 | Elf:1    | Got a whispering book
 37877 | Elf:2    | Found Pukicep's Antique Armour Boutique.
 37887 | Elf:2    | Bought a runed scarf for 264 gold pieces
 37963 | Elf:2    | Paralysed by an air elemental for 1 turns
 38066 | Elf:2    | Found a runed translucent gate.
 38066 | Elf:2    | Found a runed translucent gate.
 38066 | Elf:2    | Found a runed translucent gate.
 38094 | Elf:3    | Entered Level 3 of the Elven Halls
 38167 | Elf:3    | Identified the +7 long sword "Douneip" {pain, Dex+4}
 38267 | Elf:3    | Reached XP level 22. HP: 103/133 MP: 23/23
 39257 | Elf:3    | Identified the +0 leather armour of the Other Side {rElec
                  | rN++ Will+}
 39288 | Elf:3    | Identified the +10 war axe of Dullness {protect, Str+2}
 39490 | Elf:3    | Identified the +10 sling of the Breathing Madman {speed,
                  | rPois rF+ Dex+6}
 39522 | Elf:3    | Identified the staff of Watchfulness {*Slow rF+ rC+ Will+
                  | Dex+2 Ice}
 39538 | Elf:3    | Identified the +3 scimitar "Fievylo" {heavy, rF+ Int-5
                  | Dex+4 SInv}
 39725 | Elf:2    | Bought a smoking plate armour for 924 gold pieces
 39725 | Elf:2    | Identified the +8 plate armour "Isemigg" {rF+} (You bought
                  | it in a shop on level 2 of the Elven Halls)
 39808 | Orc:2    | Bought a ring of positive energy for 300 gold pieces
 39964 | Depths:1 | Entered Level 1 of the Depths
 40345 | Crypt:1  | Entered Level 1 of the Crypt
 40411 | Crypt:1  | Reached skill level 1 in Shapeshifting
 41044 | Crypt:1  | Reached skill level 5 in Shapeshifting
 41825 | Crypt:2  | Paralysed by something for 5 turns
 42336 | Crypt:2  | Reached XP level 23. HP: 135/138 MP: 24/24
 42428 | Crypt:3  | Entered Level 3 of the Crypt
 42796 | Crypt:3  | Identified the +2 robe "Longa" {rF+ SInv}
 42820 | Crypt:3  | Reached skill level 10 in Shapeshifting
 43035 | Crypt:3  | Found a staircase to the Tomb.
 43049 | Crypt:3  | Found the +6 Majin-Bo {spellvamp, MP+6 Int+6}
 43083 | Crypt:3  | Noticed an ancient lich
 43094 | Crypt:3  | Killed an ancient lich
 43707 | Crypt:3  | Identified the ring "Tus Xeam" {rPois rN+}
 43707 | Crypt:3  | Identified the ring "Kuuv" {rN+ Int+6 Dex+2}
 43707 | Crypt:3  | Identified the ring of Tifriduc {rC+ rN+ Str-5 Int+5}
 43824 | Crypt:3  | Identified the ring "Dooguax" {Will+ rCorr}
 44725 | D:15     | Bought the amulet "Fovo" {Spirit Drain rElec rPois rCorr}
                  | for 819 gold pieces
 45133 | Depths:1 | Found a gateway to Hell.
 45198 | Depths:1 | Found Listyhim's General Store.
 45792 | Depths:2 | Noticed a caustic shrike
 45799 | Depths:2 | Killed a caustic shrike
 45815 | Depths:2 | Noticed a golden dragon
 45839 | Depths:2 | Noticed a golden dragon
 45856 | Depths:2 | Killed a golden dragon
 45889 | Depths:2 | Killed a golden dragon
 45895 | Depths:2 | Reached XP level 24. HP: 59/143 MP: 24/24
 46026 | Depths:2 | Identified the +5 trident of Cobwebs {pain, rPois rC-
                  | Dex+3}
 46133 | Depths:2 | Found a one-way gate leading to the halls of Pandemonium.
 46274 | Depths:2 | Found a one-way gateway to a ziggurat.
 46345 | Depths:2 | Reached skill level 15 in Shapeshifting
 46535 | Depths:2 | Found a one-way gate to the infinite horrors of the Abyss.
 46814 | Depths:2 | Identified the +1 leather armour of Valour {rElec rC+ SInv}
 47303 | Depths:3 | Acquired a manual of Dodging
 47316 | Depths:3 | Noticed Mara
 47352 | Depths:3 | Noticed disskorpion's illusion
 47399 | Depths:3 | Killed Mara
 47527 | Depths:3 | Found a runed translucent gate.
 47527 | Depths:3 | Found a runed translucent gate.
 47527 | Depths:3 | Found a runed translucent gate.
 47528 | Depths:3 | Found an opulent altar of Gozag.
 47529 | Depths:3 | Noticed a dread lich
 47529 | Depths:3 | Noticed Zyku Vof's ghost (veteran MfIE)
 47529 | Depths:3 | Noticed a caustic shrike
 48341 | Depths:3 | Noticed an ancient lich
 48352 | Depths:3 | Killed an ancient lich
 48369 | Depths:3 | Identified the staff of Integrity {*Slow rF+ Dex+6 Stlth+
                  | Earth}
 48396 | Depths:3 | Identified the ring "Hieqyghe" {Will+ Dex+6}
 48661 | Depths:4 | Entered Level 4 of the Depths
 48747 | Depths:1 | Bought a scroll of brand weapon for 142 gold pieces
 48825 | Depths:4 | Found a snail-covered altar of Cheibriados.
 49484 | Depths:4 | Found a gate to the Realm of Zot.
 49717 | Depths:4 | Reached XP level 25. HP: 148/148 MP: 24/24
 50211 | Vaults:5 | Entered Level 5 of the Vaults
 51113 | Vaults:5 | Paralysed by a floating eye for 3 turns
 52027 | Vaults:5 | Identified the +0 rapier of Haunted Prudence {flame, rC+++}
 52255 | Vaults:5 | Identified the +0 kite shield of Negation {Str+6}
 52920 | Vaults:5 | Got a silver rune of Zot
 53121 | D:15     | Bought the amulet of the Grinning Gods {Reflect rF+ Str+3
                  | SH+5} for 855 gold pieces
 53152 | D:15     | Gained mutation: You sometimes lose your temper in combat.
                  | [potion of mutation]
 53153 | D:15     | Lost mutation: You sometimes lose your temper in combat.
                  | [potion of mutation]
 53153 | D:15     | Gained mutation: Your mind is acute. (Int +4, Str/Dex -1)
                  | [potion of mutation]
 53153 | D:15     | Gained mutation: You are robust. (+10% HP) [potion of
                  | mutation]
 53153 | D:15     | Lost mutation: You are robust. (+10% HP) [potion of
                  | mutation]
 53153 | D:15     | Gained mutation: You are robust. (+10% HP) [potion of
                  | mutation]
 53154 | D:15     | Lost mutation: Your mind is acute. (Int +4, Str/Dex -1)
                  | [potion of mutation]
 53154 | D:15     | Lost mutation: You are robust. (+10% HP) [potion of
                  | mutation]
 53154 | D:15     | Gained mutation: You have an increased reservoir of magic.
                  | (+10% MP) [potion of mutation]
 53154 | D:15     | Gained mutation: You sometimes lose your temper in combat.
                  | [potion of mutation]
 53155 | D:15     | Lost mutation: You sometimes lose your temper in combat.
                  | [potion of mutation]
 53155 | D:15     | Lost mutation: You have an increased reservoir of magic.
                  | (+10% MP) [potion of mutation]
 53155 | D:15     | Gained mutation: You are partially covered in iridescent
                  | scales. (AC +2) [potion of mutation]
 53155 | D:15     | Gained mutation: Armour fits poorly on your strangely
                  | shaped body. [potion of mutation]
 53155 | D:15     | Gained mutation: You expend magic power (3 MP) to
                  | strengthen your wands. [potion of mutation]
 53155 | D:15     | Gained mutation: You are partially covered in large bone
                  | plates. (SH +4) [potion of mutation]
 53250 | Zot:1    | Entered Level 1 of the Realm of Zot
 53558 | Zot:1    | Reached XP level 26. HP: 88/137 MP: 24/24
 54158 | Zot:1    | Got a foxed book
 54680 | Zot:2    | Identified the +2 cloak "Luxzu" {rElec rC- Regen+ Str-4
                  | SInv}
 54884 | Zot:2    | Reached skill level 5 in Evocations
 54884 | Zot:2    | Identified the +5 ring mail "Ebakesal" {rN+ Will+ Str-4
                  | Int+3}
 55668 | Zot:3    | Identified the +8 shortbow "Meroreq" {antimagic, Dex+4}
 56609 | Zot:4    | Identified the staff "X" {rElec rF+++ rN+ MP-9 Int-4 Necro}
 56674 | Zot:4    | Reached XP level 27. HP: 158/158 MP: 24/24
 57151 | Zot:5    | Entered Level 5 of the Realm of Zot
 57549 | Zot:5    | Reached skill level 21 in Fighting
 57766 | Zot:5    | Noticed an orb of fire
 57824 | Zot:5    | Killed an orb of fire
 57987 | Zot:5    | Noticed an orb of fire
 58011 | Zot:5    | Killed an orb of fire
 58279 | Zot:5    | Noticed a dread lich
 58290 | Zot:5    | Killed a dread lich
 58781 | Depths:3 | Killed a dread lich
 58793 | Depths:3 | Killed Zyku Vof's ghost
 58946 | Depths:3 | Lost mutation: You expend magic power (3 MP) to strengthen
                  | your wands. [potion of mutation]
 58946 | Depths:3 | Lost mutation: You are partially covered in large bone
                  | plates. (SH +4) [potion of mutation]
 58946 | Depths:3 | Lost mutation: You are partially covered in iridescent
                  | scales. (AC +2) [potion of mutation]
 58946 | Depths:3 | Gained mutation: You expend magic power (3 MP) to
                  | strengthen your wands. [potion of mutation]
 58946 | Depths:3 | Gained mutation: You have an increased reservoir of magic.
                  | (+10% MP) [potion of mutation]
 58946 | Depths:3 | Gained mutation: You sometimes lose your temper in combat.
                  | [potion of mutation]
 58947 | Depths:3 | Lost mutation: Armour fits poorly on your strangely shaped
                  | body. [potion of mutation]
 58947 | Depths:3 | Lost mutation: You sometimes lose your temper in combat.
                  | [potion of mutation]
 58947 | Depths:3 | Lost mutation: You expend magic power (3 MP) to strengthen
                  | your wands. [potion of mutation]
 58947 | Depths:3 | Gained mutation: You are partially covered in iridescent
                  | scales. (AC +2) [potion of mutation]
 59019 | Depths:3 | Voluntarily entered the Abyss.
 59137 | Abyss:3  | Noticed an ancient lich
 59143 | Abyss:3  | Killed an ancient lich
 59249 | Abyss:3  | Paralysed by accursed screaming for 1 turns
 59316 | Abyss:3  | Got an abyssal rune of Zot
 59396 | Depths:3 | Escaped the Abyss
 59667 | Slime:1  | Entered Level 1 of the Pits of Slime
 60487 | Slime:3  | Reached skill level 15 in Throwing
 61132 | Slime:5  | Entered Level 5 of the Pits of Slime
 61439 | Slime:5  | Noticed Dissolution
 61445 | Slime:5  | Paralysed by a floating eye for 4 turns
 61452 | Slime:5  | Paralysed by a floating eye for 2 turns
 61458 | Slime:5  | Killed Dissolution
 61507 | Slime:5  | Noticed the Royal Jelly
 61524 | Slime:5  | Reached skill level 15 in Dodging
 61788 | Slime:5  | Killed the Royal Jelly
 61978 | Slime:5  | Identified the +0 scimitar "Maetsaod" {protect, rElec rF-
                  | Dex+2}
 62054 | Slime:5  | Identified the +1 robe of Death's Door {rN+ Int+3 Slay+3}
 62058 | Slime:5  | Identified the +10 sling "Zuhet Usetu" {freeze, rPois Str+3
                  | Dex+4 Stlth-}
 62060 | Slime:5  | Identified the +4 war axe "Newt's Undoing" {protect, Drain
                  | rN+ Int+2}
 62132 | Slime:5  | Identified the +7 falchion "Zaog" {protect, Will+}
 62134 | Slime:5  | Got a slimy rune of Zot
 62174 | Slime:5  | Identified the ring "Kuah Mia" {Wiz rElec rC+ Will-}
 62205 | Slime:5  | Identified the ring "Purphian" {*Corrode rPois rF- AC+4
                  | Int+4}
 62209 | Slime:5  | Identified the +5 ring mail of Calculation {+Blink}
 62530 | Elf:1    | Bought a +2 helmet of see invisible for 322 gold pieces
 62821 | Pan      | Entered Pandemonium
 62935 | Pan      | Noticed Giahemikh the pandemonium lord
 63235 | Pan      | Reached skill level 22 in Fighting
 63259 | Pan      | Noticed Fecwead the pandemonium lord
 63308 | Pan      | Killed Fecwead the pandemonium lord
 63323 | Pan      | Reached skill level 10 in Evocations
 63475 | Pan      | Entered the realm of Lom Lobon.
 63513 | Pan      | Noticed Lom Lobon
 63535 | Pan      | Got a magical rune of Zot
 63714 | Pan      | Noticed Zyn Opni the pandemonium lord
 63733 | Pan      | Killed Zyn Opni the pandemonium lord
 63792 | Pan      | Got a demonic rune of Zot
 63873 | Pan      | Entered the realm of Gloorx Vloq.
 63902 | Pan      | Noticed Gloorx Vloq
 63919 | Pan      | Killed Gloorx Vloq
 64034 | Pan      | Got a dark rune of Zot
 64168 | Pan      | Noticed Lom Lobon
 64314 | Pan      | Entered the realm of Cerebov.
 64421 | Pan      | Found an exit through the horrors of the Abyss.
 64960 | Pan      | Found the +6 sword of Cerebov {flame}
 64960 | Pan      | Noticed Cerebov
 65068 | Pan      | Identified the ring of Gupouqo {rC++ rCorr Dex+2 Stlth-}
 65125 | Pan      | Killed Cerebov
 65247 | Pan      | Identified the +2 ring mail of the Kettle-Drum {Str-2 Int+4
                  | Dex+2}
 65265 | Pan      | Identified the +1 orcbow of Darkness {antimagic, Will+
                  | Stlth+}
 65272 | Pan      | Identified the ring of Noelytee {rPois rF+}
 65279 | Pan      | Identified the ring "Wodainebu" {Will+ Dex+3}
 65409 | Pan      | Got a fiery rune of Zot
 65765 | Pan      | Noticed Nyneuf the pandemonium lord
 65803 | Pan      | Entered the realm of Mnoleg.
 65805 | Pan      | Noticed Mnoleg
 65823 | Pan      | Killed Mnoleg
 65883 | Pan      | Got a glowing rune of Zot
 66024 | Pan      | Acquired 637 gold pieces
 66066 | Pan      | Noticed Lom Lobon
 66696 | Pan      | Identified the +9 rapier "Taufur" {protect, rN+ Will+
                  | Dex+3}
 66838 | Pan      | Reached skill level 23 in Fighting
 67041 | Pan      | Noticed Surat the pandemonium lord
 67054 | Pan      | Killed Surat the pandemonium lord
 67357 | Pan      | Found an exit through the horrors of the Abyss.
 67389 | Pan      | Took an exit into the Abyss.
 67389 | Abyss:3  | Escaped into the Abyss
 67389 | Abyss:3  | Found a corrupted altar of Lugonu.
 67426 | Depths:2 | Escaped the Abyss
 67483 | Hell     | Entered the Vestibule of Hell
 67523 | Hell     | Noticed Murray
 67568 | Hell     | Noticed Geryon
 67693 | Hell     | Killed Murray
 67749 | Hell     | Killed Geryon
 67865 | Hell     | Found a gateway to the ashen valley of Gehenna.
 67944 | Hell     | Found a gateway to the decaying netherworld of Tartarus.
 67990 | Hell     | Found a gateway to the freezing wastes of Cocytus.
 68083 | Hell     | Found a gateway to the Iron City of Dis.
 68170 | Coc:1    | Entered Level 1 of Cocytus
 68808 | Coc:6    | Noticed an ancient lich
 68828 | Coc:6    | Paralysed by a wendigo for 1 turns
 68993 | Coc:6    | Paralysed by a wendigo for 1 turns
 69022 | Coc:6    | Paralysed by a wendigo for 1 turns
 69029 | Coc:6    | Killed an ancient lich
 69030 | Coc:6    | Paralysed by a wendigo for 1 turns
 69038 | Coc:6    | Paralysed by a wendigo for 1 turns
 69127 | Coc:6    | Paralysed by a wendigo for 1 turns
 69194 | Coc:7    | Entered Level 7 of Cocytus
 69394 | Coc:7    | Reached skill level 24 in Fighting
 70098 | Coc:7    | Noticed Antaeus
 70135 | Coc:7    | Killed Antaeus
 70171 | Coc:7    | Got an icy rune of Zot
 70231 | Coc:7    | Paralysed by a wendigo for 1 turns
 70326 | Geh:1    | Entered Level 1 of Gehenna
 71064 | Geh:6    | Noticed a dread lich
 71082 | Geh:6    | Killed a dread lich
 71242 | Geh:7    | Entered Level 7 of Gehenna
 71815 | Geh:7    | Reached skill level 25 in Fighting
 71955 | Geh:7    | Identified the +0 pair of boots of the Hurting Gods {Fly
                  | rPois Int+5 Dex-5}
 71999 | Geh:7    | Found the +13 sceptre of Asmodeus
 71999 | Geh:7    | Noticed Asmodeus
 72026 | Geh:7    | Killed Asmodeus
 72136 | Geh:7    | Identified the +3 great sword "Vejahoets" {flame, rN+ Will-
                  | Int+3 Dex+7}
 72140 | Geh:7    | Found the +3 Mad Mage's Maulers {Infuse+∞ VampMP -Cast}
 72147 | Geh:7    | Identified the ring of Ciykeak {Will+ rCorr Dex+4}
 72161 | Geh:7    | Got an obsidian rune of Zot
 72174 | Geh:7    | Identified an amulet "Dow Pits" {Acrobat Harm Int+4}
 72176 | Geh:7    | Identified the +3 plate armour of Boredom {Will+}
 72177 | Geh:7    | Identified the +1 hand axe of Moqu {flame, rF+ rCorr
                  | Stlth+}
 72193 | Geh:7    | Identified the +1 robe of Leapfrog {Will+ MP+9 Str+3}
 72431 | Tar:1    | Entered Level 1 of Tartarus
 73004 | Tar:4    | You are sucked into a shaft and drop 2 floors!
 73244 | Tar:7    | Entered Level 7 of Tartarus
 74182 | Tar:7    | Noticed Ereshkigal
 74216 | Tar:7    | Killed Ereshkigal
 74250 | Tar:7    | Got a bone rune of Zot
 74485 | Dis:1    | Entered Level 1 of the Iron City of Dis
 74890 | Dis:1    | Found a burning altar of Makhleb.
 75509 | Dis:3    | Reached skill level 26 in Fighting
 76492 | Dis:7    | Entered Level 7 of the Iron City of Dis
 77301 | Dis:7    | Noticed a juggernaut
 77305 | Dis:7    | Noticed Dispater
 77360 | Dis:7    | Killed Dispater
 77373 | Dis:7    | Killed a juggernaut
 77389 | Dis:7    | Got an iron rune of Zot
 78132 | Tomb:1   | Entered Level 1 of the Tomb of the Ancients
 78326 | Tomb:1   | Acquired the +11 Singing Sword {sonic wave}
 78326 | Tomb:1   | Found the +11 Singing Sword {sonic wave}
 78615 | Tomb:1   | Noticed a royal mummy
 78618 | Tomb:1   | Noticed a royal mummy
 78624 | Tomb:1   | Noticed a royal mummy
 78639 | Tomb:1   | Killed a royal mummy
 78672 | Tomb:1   | Killed a royal mummy
 78688 | Tomb:1   | Killed a royal mummy
 79185 | Tomb:2   | Noticed a royal mummy
 79193 | Tomb:2   | Killed a royal mummy
 79194 | Tomb:2   | Noticed a royal mummy
 79206 | Tomb:2   | Noticed a royal mummy
 79213 | Tomb:2   | Killed a royal mummy
 79214 | Tomb:2   | Reached skill level 27 in Fighting
 79214 | Tomb:2   | Noticed a royal mummy
 79223 | Tomb:2   | Killed a royal mummy
 79233 | Tomb:2   | Killed a royal mummy
 79650 | Tomb:1   | Noticed a royal mummy
 79650 | Tomb:1   | Noticed a royal mummy
 79650 | Tomb:1   | Noticed a royal mummy
 79658 | Tomb:1   | Noticed a royal mummy
 79658 | Tomb:1   | Noticed a royal mummy
 79660 | Tomb:1   | Killed a royal mummy
 79660 | Tomb:1   | Noticed a royal mummy
 79662 | Tomb:1   | Noticed a royal mummy
 79664 | Tomb:1   | Noticed a royal mummy
 79667 | Tomb:1   | Killed a royal mummy
 79671 | Tomb:1   | Killed a royal mummy
 79671 | Tomb:1   | Killed a royal mummy
 79674 | Tomb:1   | Noticed a royal mummy
 79677 | Tomb:1   | Killed a royal mummy
 79680 | Tomb:1   | Killed a royal mummy
 79687 | Tomb:1   | Killed a royal mummy
 79693 | Tomb:1   | Killed a royal mummy
 79698 | Tomb:1   | Killed a royal mummy
 79702 | Tomb:1   | Noticed a royal mummy
 79713 | Tomb:1   | Killed a royal mummy
 79714 | Tomb:1   | Noticed a royal mummy
 79726 | Tomb:1   | Killed a royal mummy
 79732 | Tomb:1   | Noticed a royal mummy
 79739 | Tomb:1   | Killed a royal mummy
 79742 | Tomb:1   | Noticed a royal mummy
 79745 | Tomb:1   | Noticed a royal mummy
 79748 | Tomb:1   | Killed a royal mummy
 79753 | Tomb:1   | Paralysed by a Zot trap for 5 turns
 79764 | Tomb:1   | Killed a royal mummy
 79864 | Tomb:1   | Noticed a royal mummy
 79866 | Tomb:1   | Noticed a royal mummy
 79874 | Tomb:1   | Killed a royal mummy
 79878 | Tomb:1   | Killed a royal mummy
 79927 | Tomb:1   | Noticed a royal mummy
 79940 | Tomb:1   | Killed a royal mummy
 79963 | Tomb:1   | Noticed a royal mummy
 79972 | Tomb:1   | Killed a royal mummy
 80182 | Tomb:3   | Entered Level 3 of the Tomb of the Ancients
 80237 | Tomb:3   | Noticed a royal mummy
 80255 | Tomb:3   | Noticed a royal mummy
 80264 | Tomb:3   | Noticed a royal mummy
 80264 | Tomb:3   | Noticed a royal mummy
 80264 | Tomb:3   | Noticed a royal mummy
 80265 | Tomb:3   | Noticed a royal mummy
 80272 | Tomb:3   | Noticed a royal mummy
 80272 | Tomb:3   | Noticed a royal mummy
 80272 | Tomb:3   | Noticed a royal mummy
 80288 | Tomb:3   | Killed a royal mummy
 80294 | Tomb:3   | Killed a royal mummy
 80299 | Tomb:3   | Killed a royal mummy
 80299 | Tomb:3   | Killed a royal mummy
 80302 | Tomb:3   | Killed a royal mummy
 80303 | Tomb:3   | Killed a royal mummy
 80305 | Tomb:3   | Killed a royal mummy
 80308 | Tomb:3   | Killed a royal mummy
 80311 | Tomb:3   | Killed a royal mummy
 80400 | Tomb:3   | Identified the ring "Riesur Pylopn" {rC++ Slay+4 Stlth+}
 80409 | Tomb:3   | Identified the +10 longbow "Hinkini" {flame, rC- rCorr
                  | Dex+3}
 80413 | Tomb:3   | Identified the +8 glaive of Imminent Death {speed, Stlth+}
 80421 | Tomb:3   | Identified the +2 ring mail of Bobian {Harm *Slow rN+
                  | Stlth+}
 80431 | Tomb:3   | Identified the staff of Ashenzari's Approval {rF+ Conj}
 80444 | Tomb:3   | Identified the +5 dagger "Emolox" {drain, *Corrode rC++
                  | Str+4}
 80449 | Tomb:3   | Identified the +3 halberd of the Realm of Zot {flame,
                  | *Corrode rC+ rN+}
 80717 | Tomb:3   | Identified the +2 quick blade of Ravage {spect, rPois}
 80898 | Tomb:3   | Got a golden rune of Zot
 81744 | Zot:5    | Got the Orb of Zot
 82262 | D:4      | Noticed Joruabao the pandemonium lord
 82264 | D:4      | Noticed Natasha
 82267 | D:4      | Killed Natasha
 82295 | D:4      | Killed Joruabao the pandemonium lord
 82493 | D:$      | Escaped with the Orb!

Illustrated notes

Levels and vault maps discovered:
D:1:      roderic_crop_circles_arrival_small, layout_basic,
          chequers_serial_rivers_marsh, minmay_misc_feat_more_columns
D:2:      layout_loops_cross, serial_glass, glass_columns_a, glass_columns_b,
          glass_columns_a, glass_columns_a, glass_columns_c, minmay_cupped,
          uniq_jessica, uniq_robin
D:3:      minmay_razor_zed, layout_basic, zin_purify,
          nicolae_overflow_hidden_temple, uniq_terence
D:4:      minmay_door_path, layout_basic, cheibrodos_sewer_entry_drain,
          hangedman_feature_mirror, kennysheep_generic_room_8, uniq_natasha
D:5:      layout_basic, mainiacjoe_overflow_alcove_1, minmay_fire_ice_demons
D:6:      layout_basic, amcnicky_altar_gilded
D:7:      black_bear_nest_1, layout_gridville,
          mainiacjoe_overflow_concentric_impassable,
          mainiacjoe_overflow_boulevard, minmay_temple_entry_mist, uniq_joseph
D:8:      layout_loops_cross, special_room [special_room_orc],
          nicolae_have_a_lightning_rod, uniq_maggie, uniq_pikel
D:9:      layout_loops_ring, nicolae_diode_basic
D:10:     layout_small_grid, lightli_temple_of_fire,
          nicolae_overflow_hallway_of_the_gods, orc_0_dummy,
          kennysheep_cluttered_room, uniq_grum, uniq_josephine
D:11:     layout_long_grid, minmay_lair_entry_lava, uniq_maurice, uniq_erica
D:12:     cheibrodos_fzero, layout_gridville, uniq_rupert
D:13:     layout_basic, skrybe_vaults_entry_preservation, fedhas_ov_isle_minmay
D:14:     wad_mega_maze, layout_rooms, minmay_misc_feat_cross, serial_shops,
          nicolae_square_shop, shop, nicolae_shop_tiny_statue_garden, shop,
          nicolae_book_shop_shelving, minmay_misc_feat_x, moated_statue,
          st_stairs_7, uniq_kirke
D:15:     hangedman_depths_entry_civil_slaughter, layout_stronghold,
          dreamdust_wishing_well
Temple:   dpeg_three_leaves_temple
Lair:1:   layout_regular_city, uniq_gastronok
Lair:2:   layout_loops_ring, gauntlet_entry_generic, basic_altar,
          portal_ice_cave_entry_pillars_1
Lair:3:   layout_regular_city, swamp_mist, dummy_spider_entry,
          small_statue_intersection, chequers_serial_rivers_small_b,
          chequers_serial_rivers_room_a
Lair:4:   layout_hall_layers, serial_bayou_shore_b, infiniplex_staircase_pool_2
Lair:5:   hangedman_lair_tendril_chambers, layout_long_grid, slime_entry_2,
          uniq_urug
Swamp:1:  layout_basic_swamp, nicolae_swamp_little_swirl, lightli_tree_ring
Swamp:2:  nicolae_swamp_long_stream, layout_basic_swamp,
          gammafunk_ghost_mausoleum, nicolae_swamp_orc_logging_accident,
          swamp_pool5, nicolae_swamp_super_fun_site
Swamp:3:  layout_basic_swamp, evilmike_swamp_ruin_house_5
Swamp:4:  swamp_basic_johnstein, layout_basic_swamp, swamp_pool3,
          nicolae_swamp_hydra_murder_den
Spider:1: cheibrodos_spider_silkery, uniq_asterion
Spider:2: layout_spider_delve, nicolae_spider_world_wide_web
Spider:3: layout_spider_delve
Spider:4: spider_rune_water, uniq_arachne
Slime:1:  layout_caves
Slime:2:  layout_caves
Slime:3:  nicolae_slime_pool, layout_caves, special_room [special_room_jelly]
Slime:4:  layout_caves
Slime:5:  slime_pit_nicolae_amoeboid, uniq_dissolution
Orc:1:    layout_diamond_mine, sword_in_stone
Orc:2:    st_orc_ogre_mass, layout_caves, serial_shops, shop,
          nicolae_shop_behind_doors, shop, shop, uniq_snorg, uniq_erolcha
Elf:1:    layout_rooms, mu_enter_wizlab_1, minmay_elf_necromancy,
          nicolae_take_the_stairs
Elf:2:    elven_hall_of_blades_hangedman_original
          [nicolae_blade_entry_antechamber], layout_geoelf_diagonals,
          serial_shops, nicolae_shop_just_a_little_nook
Elf:3:    minmay_elf_hall_not_hex, layout_loops_cross, david_greed
Vaults:1: nicolae_vaults_closet_pinwheel_1, ontoclasm_vaults_misaligned,
          vaults_room_door_ring, vaults_room_fours,
          nicolae_vaults_ring_of_whatevers,
          nicolae_vaults_offset_grid_hallway_3, vaults_room_stairs_pillars,
          nicolae_vaults_spaceships, nicolae_vaults_closet_pinwheel_1,
          nicolae_vaults_little_squares_4, nicolae_vaults_two_Ls,
          hangedman_vaults_corner_blocks, layout_vaults_omnicross, uniq_nikola
Vaults:2: v_misc_3, ontoclasm_vaults_ring_square, v_alt_pattern_5,
          nicolae_vaults_tetromino_Z_2, nicolae_vaults_closet_pinwheel_3,
          layout_vaults_quadrants, nicolae_trove_entry_diagonal
Vaults:3: nicolae_vaults_tetromino_T_1, nicolae_vaults_puzzle_piece,
          vaults_room_grid, nicolae_vaults_tangram_1, ontoclasm_vaults_spin,
          vaults_room_hallway, nicolae_vaults_more_shelving_1,
          nicolae_vaults_border_crossing, nicolae_vaults_storage_closets_2,
          minmay_crypt_entry_necro_gods, layout_vaults_big_room, serial_shops,
          bzr_entry_dummy, shop, shop
Vaults:4: dpeg_vaults_pockets_of_resistance, nicolae_vaults_network_periphery,
          nicolae_vaults_cornered_office, vaults_dpeg_doors,
          hangedman_vaults_pinch, nicolae_vaults_double_plus_2,
          hangedman_vaults_stagger, v_misc_10, grunt_vaults_hallway_long,
          nicolae_vaults_taking_the_gang_shopping,
          nicolae_vaults_trapezoid_lopsided_3, nicolae_vaults_house_1,
          nicolae_vaults_apartment_2, nicolae_vaults_tangram_2,
          nicolae_vaults_trapezoid_lopsided_2, layout_vaults_maze, serial_shops,
          shop, uniq_zenata
Vaults:5: serial_shops
Crypt:1:  layout_gridlike, minivault_14, nicolae_crypt_cryptocurrency,
          grunt_ministairs_14, grunt_crypt_arrival_split
Crypt:2:  layout_chaotic_city, hangedman_weighted_door,
          corexii_leaking_fountain, grunt_megastairs_5
Crypt:3:  quadcrypt_mu
Tomb:1
Tomb:2
Tomb:3
Depths:1: layout_gridville, serial_bayou_pond_d, serial_shops,
          nicolae_diamond_shop, hellmouth_1, minmay_protected_statue
Depths:2: minmay_eight_partial_circles, layout_basic, enter_ziggurat_f,
          grunt_hell_entry_dis_grunt, minmay_room_of_horrors,
          minmay_misc_feat_pillars, grunt_pan_entry_spiral, kennysheep_two_boxes
Depths:3: cheibrodos_cascadia, layout_basic, roderic_roman_lattice, hellmouth_3,
          ebering_ghost_gozag, abyss_entry, minmay_misc_feat_alley, uniq_mara
Depths:4: grunt_zot_entry_funnels, layout_long_grid, hell_entry,
          cheibriados_altar_1, abyss_entry, grunt_ministairs_14,
          infiniplex_staircase_pool_lava, uniq_josephina
Hell
Dis:1:    kennysheep_iron_temple, layout_subdivisions
Dis:2:    layout_gridville
Dis:3:    nicolae_dis_hell_of_blades
Dis:4:    layout_jigsaw
Dis:5:    layout_gridville
Dis:6:    layout_gridville, nicolae_dis_strange_trophy_room
Dis:7:    dis_hangedman
Geh:1:    layout_gehenna_pools_basic, nicolae_geh_rippling_lava
Geh:2:    layout_gehenna_pools_box, nicolae_hells_hurtin_island
Geh:3:    layout_gehenna_lava_caves
Geh:4:    layout_gehenna_pools_triple
Geh:5:    layout_gehenna_lava_caves
Geh:6:    layout_gehenna_pools_basic, special_room [special_room_morgue]
Geh:7:    geh_mu
Coc:1:    layout_ice_bergs
Coc:2:    layout_cocytus_water_paths
Coc:3:    layout_ice_bergs
Coc:4:    layout_ice_bergs
Coc:5:    layout_cocytus_water_paths
Coc:6:    layout_cocytus_delve, evilmike_ambush [evilmike_ambush_outer_basic,
          evilmike_ambush_inner_basic]
Coc:7:    coc_mu
Tar:1:    layout_grid_maze
Tar:2:    layout_honeycomb
Tar:3:    layout_cathedral_of_symmetry
Tar:4:    layout_catacombs
Tar:6:    layout_cathedral_of_symmetry
Tar:7:    tar_mu [tar_mu_maze]
Zot:1:    layout_gridlike
Zot:2:    layout_twisted_circle, st_large_dragon_hoard_1
Zot:3:    kennysheep_spiral_hall, layout_basic
Zot:4:    layout_misc_corridors, uniq_grunn
Zot:5:    layout_gridlike

Skill      XL: |  1  2  3  4  5  6  7  8  9 10 11 12 13 14 15 16 17 18 19 20 21 22 23 24 25 26 27 |
---------------+----------------------------------------------------------------------------------+-----
Long Blades    | 3 4 5 6 7 11 14 16 | 16.0
Fighting       | 3 6 8 10 14 15 17 19 20 27 | 27.0
Armour         | 3 10 11 13 15 16 17 24 | 24.6
Dodging        | 4 5 7 9 10 11 12 22 | 22.6
Shields        | 4 10 13 15 16 25 | 25.1
Throwing       | 3 10 12 13 16 | 16.0
Evocations     | 3 4 6 10 | 10.0
Shapeshifting  | 8 14 18 21 23 | 23.0

Action                     |  1- 3 |  4- 6 |  7- 9 | 10-12 | 13-15 | 16-18 | 19-21 | 22-24 | 25-27 || total
---------------------------+-------+-------+-------+-------+-------+-------+-------+-------+-------++-------
  Melee: Long sword        |    86 |   154 |   276 |   311 |       |       |       |       |       ||   827
         Bite              |    17 |    37 |    97 |   219 |   493 |   443 |   961 |  1082 |  4671 ||  8020
         Punch             |     1 |     1 |     4 |    16 |    18 |       |       |       |       ||    40
         Scimitar          |       |       |       |   280 |  1042 |   195 |  1255 |   421 |       ||  3193
         Double sword      |       |       |       |       |    87 |   884 |   625 |  1585 |  7787 || 10968
  Throw: Throwing net      |       |     3 |     1 |     4 |     1 |       |       |       |       ||     9
         Boomerang         |       |     3 |    48 |    56 |    53 |    98 |    40 |    46 |    93 ||   437
         Javelin           |       |       |       |     2 |       |     7 |     6 |       |    12 ||    27
 Invoke: Potion Petition   |       |       |       |     5 |     2 |     1 |     1 |     8 |    52 ||    69
         Call Merchant     |       |       |       |       |       |     2 |       |     3 |     4 ||     9
Ability: Siphon Essence    |       |       |       |       |       |       |       |       |     4 ||     4
  Evoke: Wand              |       |       |    15 |     1 |     3 |    11 |     1 |       |    10 ||    41
         Lightning rod     |       |       |       |     9 |     4 |     8 |       |       |       ||    21
         Box of beasts     |       |       |       |       |     2 |       |       |       |       ||     2
         Tin of tremorston |       |       |       |       |       |     3 |     3 |       |     2 ||     8
    Use: Scroll            |       |     4 |     9 |     7 |    14 |     2 |     8 |     6 |    34 ||    84
         Potion            |       |       |       |     3 |       |     1 |       |       |     6 ||    10
   Stab: Sleeping          |       |     1 |       |       |       |       |       |       |       ||     1
         Held in net/web   |       |     2 |     1 |     7 |     1 |       |       |       |       ||    11
         Distracted        |       |       |       |     3 |     8 |    10 |    15 |    15 |    62 ||   113
         Invisible         |       |       |       |       |     7 |       |       |       |    25 ||    32
 Armour: Leather armour    |    45 |    19 |       |       |       |       |       |       |       ||    64
         Ring mail         |       |    61 |     1 |       |       |       |       |       |       ||    62
         Chain mail        |       |       |   152 |   402 |   570 |    39 |       |       |       ||  1163
         Scale mail        |       |       |    28 |       |       |       |       |       |       ||    28
         Crystal plate arm |       |       |       |       |       |   735 |   997 |  1156 |   647 ||  3535
         Storm dragon scal |       |       |       |       |       |       |       |       |  2883 ||  2883
  Dodge: Dodged            |    60 |   118 |   216 |   349 |   534 |   251 |   259 |   333 |  2935 ||  5055
  Block: Kite shield       |       |       |       |       |   253 |   776 |   105 |       |       ||  1134
         Reflection        |       |       |       |       |    10 |    17 |   108 |    25 |    90 ||   250
         Tower shield      |       |       |       |       |       |       |  1691 |  1628 |  8794 || 12113
   Form: Death             |       |       |       |       |       |       |       |       |     5 ||     5
                           |       |       |       |       |       |       |       |       |     4 ||     4

Table legend: (Time is in decaauts)
 A = Elapsed time spent in this place.
 B = Non-inter-level travel time spent in this place.
 C = Inter-level travel time spent in this place.
 D = Time resting spent in this place.
 E = Time spent auto-exploring this place.
 F = Levels seen in this place.
 G = Mean time per level.
                   A        B        C        D        E       F      G
               +--------+--------+--------+--------+--------+-----+--------+
         Total |  79581 |  69874 |   9707 |   2590 |  38769 | 110 |  723.5 |
       Dungeon |  15906 |  13520 |   2386 |    228 |   9723 |  15 | 1060.4 |
        Temple |     86 |     62 |     24 |     57 |      0 |   1 |   86.0 |
          Lair |   5233 |   4464 |    769 |     32 |   3250 |   5 | 1046.6 |
         Swamp |   2740 |   2597 |    143 |      0 |   1865 |   4 |  685.0 |
   Spider Nest |   4122 |   3915 |    207 |     77 |   2672 |   4 | 1030.5 |
    Slime Pits |   2539 |   2406 |    133 |    122 |   1233 |   5 |  507.8 |
  Orcish Mines |   2460 |   2000 |    460 |    128 |    985 |   2 | 1230.0 |
   Elven Halls |   2895 |   2628 |    267 |     74 |   1586 |   3 |  965.0 |
        Vaults |   9368 |   7630 |   1738 |    596 |   4549 |   5 | 1873.6 |
         Crypt |   4458 |   3569 |    889 |      7 |   2321 |   3 | 1486.0 |
          Tomb |   2881 |   2544 |    337 |      5 |   1586 |   3 |  960.3 |
        Depths |   6082 |   5117 |    965 |    184 |   3160 |   4 | 1520.5 |
          Hell |    771 |    680 |     91 |      0 |    282 |   1 |  771.0 |
           Dis |   2628 |   2467 |    161 |    181 |    266 |   7 |  375.4 |
       Gehenna |   1892 |   1724 |    168 |    106 |      0 |   7 |  270.3 |
       Cocytus |   1921 |   1833 |     88 |    120 |     51 |   7 |  274.4 |
      Tartarus |   1872 |   1684 |    188 |     67 |    577 |   6 |  312.0 |
           Zot |   5557 |   4869 |    688 |    205 |   3042 |   5 | 1111.4 |
         Abyss |    403 |    403 |      0 |      0 |     15 |   3 |  134.3 |
   Pandemonium |   4250 |   4250 |      0 |    302 |    897 |  16 |  265.6 |
        Bazaar |    115 |    115 |      0 |      0 |     41 |   1 |  115.0 |
         Sewer |     81 |     81 |      0 |      0 |     50 |   1 |   81.0 |
        Wizlab |    809 |    809 |      0 |     35 |    415 |   1 |  809.0 |
      Gauntlet |    500 |    500 |      0 |     58 |    198 |   1 |  500.0 |
               +--------+--------+--------+--------+--------+-----+--------+

Top non-repeatable levels by time:
Vaults:4: 2464 daAuts
 Crypt:3: 2290 daAuts
Vaults:2: 2127 daAuts
Depths:3: 1947 daAuts
    D:14: 1883 daAuts
Vaults:3: 1857 daAuts
Depths:2: 1782 daAuts
  Lair:5: 1630 daAuts
Vaults:1: 1568 daAuts
   Elf:3: 1539 daAuts
  Tomb:1: 1506 daAuts
   Orc:2: 1476 daAuts
   Zot:5: 1464 daAuts
Spider:4: 1418 daAuts
   Zot:3: 1380 daAuts
